 Dungeon Crawl Stone Soup version 0.18.1-48-g4cf74bf (webtiles) character file.

144 Crag the Stinger (level 5, -7/42 HPs)
             Began as a Naga Venom Mage on Sept 4, 2016.
             Mangled by an iguana (10 damage)
             ... on level 5 of the Dungeon.
             The game lasted 00:14:21 (3539 turns).

Crag the Stinger (Naga Venom Mage)                  Turns: 3539, Time: 00:14:23

Health: -7/42      AC:  3    Str: 10 (11) XL:     5   Next: 27%
Magic:  0/8        EV:  9    Int: 14 (16) God:
Gold:   122        SH:  0    Dex:  9 (11) Spells: 3 memorised, 1 level left

rFire  . . .     SeeInvis +       - Unarmed
rCold  . . .     Gourm    .     a - +1 robe
rNeg   . . .     Faith    .     (no shield)
rPois  +         Spirit   .     (no helmet)
rElec  .         Dismiss  .     (no cloak)
rCorr  .         Reflect  .     (no gloves)
SustAt .         Harm     .     (no barding)
MR     .....                    (no amulet)
Stlth  ++........               (no ring)
                                h - ring of flight (curse)

@: short of breath, very slightly contaminated, very slow, not resistant to
hostile enchantments, unstealthy
A: see invisible, deformed body, poison resistance, slowness 2, slow metabolism
1, spit poison 2, AC +1
a: Spit Poison, Evoke Flight


You were on level 5 of the Dungeon.
You were not hungry.

You visited 1 branch of the dungeon, and saw 5 of its levels.

You collected 122 gold pieces.

Inventory:

Armour
 a - a +1 robe (worn)
Jewellery
 h - a cursed ring of flight (left hand)
Scrolls
 e - 3 scrolls of identify
 f - 3 scrolls of random uselessness
 k - a scroll of amnesia
Potions
 d - a potion of curing
Books
 b - a Young Poisoner's Handbook

   Spells                             Type                      Level
   a - Sting                          Conjuration/Poison           1
   b - Cure Poison                    Poison                       2
   c - Mephitic Cloud                 Conjuration/Poison/Air       3
   d - Olgreb's Toxic Radiance        Poison                       4
   e - Venom Bolt                     Conjuration/Poison           5
 i - a book of Fire

   Spells                             Type                      Level
   a - Ignite Poison                  Fire/Transmutation/Poison    3
   b - Fireball                       Conjuration/Fire             5
   c - Bolt of Fire                   Conjuration/Fire             6
   d - Delayed Fireball               Conjuration/Fire             7
   e - Ring of Flames                 Charms/Fire                  7
Comestibles
 c - 2 bread rations
 j - a slice of pizza
 o - a beef jerky


   Skills:
 - Level 1.5 Dodging
 - Level 3.0 Stealth
 + Level 4.7 Unarmed Combat
 - Level 2.0 Spellcasting
 - Level 5.3 Poison Magic


You had one spell level left.
You knew the following spells:

 Your Spells              Type           Power        Failure   Level  Hunger
a - Sting                 Conj/Pois      #...         10%         1    ##.....
b - Mephitic Cloud        Conj/Pois/Air  #.......     38%         3    ####...
c - Ignite Poison         Fire/Trmt/Pois #.......     38%         3    ####...


Dungeon Overview and Level Annotations

Branches:
Dungeon (5/15)
 Temple: D:4-7

Altars:
Dithmenos
Pakellas

Annotations:
D:3 Fudda's ghost, amateur MiBe
D:4 Robin


Innate Abilities, Weirdness & Mutations

You cannot wear boots.
Your serpentine skin is tough (AC +1).
You have supernaturally acute eyesight.
Armour fits poorly on your strangely shaped body.
Your system is resistant to poisons.
You cover ground very slowly.
You have a slow metabolism.
You can spit poison.


Message History

The splash of poison hits the worker ant.
The worker ant appears unharmed.
You feel slightly more hungry.
The giant cockroach bites you but does no damage.
The worker ant bites you.
* * * LOW HITPOINT WARNING * * *
The iguana barely misses you.
Drink which item? (? for menu, Esc to quit)
Okay, then.
Casting: Mephitic Cloud
Confirm with . or Enter, or press ? or * to list all spells.
Aiming: Sting
Press: ? - help, Shift-Dir - straight line, f/p - worker ant
Aim: a worker ant The sting hits the worker ant.
The worker ant is poisoned.
The worker ant is lightly wounded.
The giant cockroach bites you but does no damage.
The worker ant bites you.
* * * LOW HITPOINT WARNING * * *
The iguana bites you!
You die...

#.# ...# #
../.# #.
.....#+#.
......+.[######
.?......#...)..
......ls.......
......)@#
##....a.#
#......#
#......#
####.... #####


You could see an iguana, a worker ant and a giant cockroach.

Vanquished Creatures
  A gnoll (D:4)
  5 adders
  3 worms (D:2)
  A dart slug (D:2)
  4 giant geckos
  2 giant cockroaches
  8 goblins
  12 hobgoblins
  2 jackals (D:1)
  2 quokkas
  3 ball pythons
  8 bats
  4 giant newts
  6 kobolds
  16 rats
77 creatures vanquished.

Notes
Turn   | Place    | Note
--------------------------------------------------------------
     0 | D:1      | Crag the Naga Venom Mage began the quest for the Orb.
     0 | D:1      | Reached XP level 1. HP: 15/15 MP: 3/3
   159 | D:1      | Reached skill level 1 in Unarmed Combat
   350 | D:1      | Reached XP level 2. HP: 22/22 MP: 3/5
   895 | D:1      | Reached XP level 3. HP: 28/28 MP: 2/6
   900 | D:1      | Learned a level 3 spell: Mephitic Cloud
  1684 | D:2      | Found a shadowy altar of Dithmenos.
  2060 | D:2      | Reached XP level 4. HP: 36/36 MP: 4/7
  2831 | D:2      | Found an oddly glowing altar of Pakellas.
  3095 | D:3      | Noticed Fudda's ghost (amateur MiBe)
  3158 | D:3      | Reached XP level 5. HP: 42/42 MP: 4/8
  3347 | D:3      | Learned a level 3 spell: Ignite Poison
  3524 | D:4      | Noticed Robin
  3532 | D:4      | HP: 2/42 [goblin/dagger[Robin] (2)]
  3533 | D:5      | Entered Level 5 of the Dungeon
  3539 | D:5      | Mangled by an iguana

Skill      XL: |  1  2  3  4 |
---------------+-------------+-----
Unarmed Combat | 1 2 3 4 |  4.7
Dodging        | |  1.5
Stealth        | |  3.0
Spellcasting   | |  2.0
Poison Magic   | |  5.3

Action                   |  1- 3 |  4- 6 || total
-------------------------+-------+-------++-------
Melee: Unarmed           |    77 |    36 ||   113
       Punch             |       |     1 ||     1
 Cast: Sting             |    48 |    47 ||    95
       Mephitic Cloud    |       |     1 ||     1
 Abil: Spit Poison       |    16 |    18 ||    34
  Use: Potion            |     1 |     6 ||     7
       Scroll            |       |     4 ||     4
 Stab: Sleeping          |     3 |     1 ||     4
  Eat: Chunk             |     4 |     6 ||    10
Armor: Robe              |    13 |    16 ||    29
Dodge: Dodged            |    41 |    21 ||    62
